Workbook

Sheet INSUMOS
A1: PLANILHA DE CÁLCULO - INSUMOS BÁSICOS | B1: CUSTO | E1: PROJEÇÃO DE CUSTOS 14/05/2026-14/05/2027
A3: Preço MÉDIO de um litro de Óleo Diesel - NFS mês corrente
A4: Preço de um pneu novo para veículo pesado - MÉDIA SEMESTRAL
A5: Preço MÉDIO de uma recapagem - veículo pesado MÉDIA SEMESTRAL | E5: CÁLCULO DOS BENEFÍCIOS (PARTE EMPRESA) | H5: CÁLCULO - ENCARGOS TRABALHISTAS | I5: %
E6: Plano de saúde | F6: =B12 -> 0 | H6: INSS | J6: A
E7: Vale alimentação | F7: =(B15+B16)/('COMPOSIÇÃO TARIFA'!E102+'COMPOSIÇÃO TARIFA'!E103) -> 0 | H7: Acidentes de trabalho | J7: A
A8: Preço de chassi - veículo novo | E8: Cesta básica (rancho) | H8: Salário Educação | J8: A
A9: Preço de carroceria - veículo novo | E9: TOTAL MENSAL/BENEFICIÁRIO MÉDIA PONDERADA | F9: =SUM(F5:F8) -> 0 | H9: INCRA | J9: A
A10: Salário-base mensal de MOTORISTA COBRADOR | H10: SENAT | J10: A
A11: Salário-base mensal de FISCAL | H11: SEST | J11: A
A12: Despesa mensal com PLANO DE SAÚDE - parte empresa | H12: SEBRAE | J12: A
A13: Despesa mensal com sistema de monitoramento | H13: FGTS | J13: A
A14: Despesa mensal com bilhetagem eletrônica+monitoramento
A15: Vale Alimentação Motorista - parte empresa | H15: Abono de férias | J15: B
A16: Vale Alimentação Fiscalização - parte empresa | H16: Aviso prévio trabalhado | J16: B
A17: CESTA BÁSICA - Motoristas - parte empresa (TOTAL) | B17: =(F8/'COMPOSIÇÃO TARIFA'!E102)+(B18/'COMPOSIÇÃO TARIFA'!E103) -> 0 | D17: =+B10/220 -> 0 | E17: =+D17*180 -> 0 | H17: Licença paternidade | J17: B
A18: CESTA BÁSICA - Fiscalização - parte empresa (TOTAL) | H18: Licença funeral | J18: B
A19: Benefício mensal total (alimentação, plano de saúde etc) | H19: Licença casamento | J19: B
H20: Décimo terceiro salário | J20: B
H21: Adicional noturno | J21: B
H22: Depósito por rescisão | J22: C
H23: Aviso prévio indenizado | J23: C
B24: =+B17/16 -> 0 | H24: Indenização adicional | J24: C
H25: Incidência cumulativa dos encargos do grupo A sobre o grupo B | I25: =((SUM(I6:I13)/100)*(SUM(I15:I21)/100))*100 -> 0
H26: TOTAL | I26: =SUM(I6:I25) -> 0

Sheet FROTA
A1: CUSTO DO VEÍCULO
A4: Categoria | B4: Potência do Motor | C4: Exemplo de Modelo
A5: Leve | B5: até 200 HP | C5: Convencional/alongado/monobloco
A6: Pesado | B6: acima de 200 HP | C6: Padron, com 2 ou 3 portas
A7: Especial | B7: acima de 200 HP | C7: Articulado
A9: Preço do veículo (valor mínimo dentre os orçamentos apresentados)
A11: Chassi | B11: Carroceria | D11: Valor veículo (Chassi+Carroceria)
D12: =A12+B12 -> 0
A14: Preço do veículo novo menos rodagem
A16: Valor Veículo | B16: Pneu (unitário) | E16: Valor
A17: =D12 -> 0 | B17: =INSUMOS!B4 -> 0 | E17: =A17-((B17+C17+D17)*6) -> 0
A19: FROTA
A20: Faixa Etária | B20: Quantidade
A21: 0 a 1 ano | B21: 0
A22: 1 a 2 anos | B22: 0
A23: 2 a 3 anos | B23: 0
A24: 3 a 4 anos | B24: 0
A25: 4 a 5 anos | B25: 0
A26: 5 a 6 anos | B26: 0
A27: 6 a 7 anos | B27: 0
A28: 7 a 8 anos | B28: 0
A29: 8 a 9 anos | B29: 0
A30: 9 a 10 anos | B30: 0
A31: >10 anos | B31: 12
A32: FROTA TOTAL | B32: =SUM(B21:B31) -> 12 | C32: veículos
A33: FROTA RESERVA | B33: 3 | C33: veículos
A34: FROTA OPERANTE | B34: =B32-B33 -> 9 | C34: veículos
D36: .

Sheet IPK-PMM
A1: CÁLCULO DO NÚMERO EQUIVALENTE DE PASSAGEIROS
A3: Passageiros pagantes 100% | B3: =B25 -> 0 | C3: pass/mês
A4: Passageiros pagantes 50% EQUIVALENTES | B4: =A25/2 -> 0 | C4: pass/mês
A5: Passageiros Integração EQUIVALENTES | B5: =C25 -> 0 | C5: pass/mês
A6: Passageiros equivalentes mensal | B6: =B3+B4+B5 -> 0 | C6: pass/mês
A9: KM TOTAL | B9: =D20 -> 574276.78 | C9: km/mês
A10: KM produtiva | B10: =A20 -> 493182.5 | C10: km/mês
A11: Limite KM Improdutiva (5% KM produtiva) | B11: =0.05*B10 -> 24659.125 | C11: km/mês
A12: KM improdutiva (morta) | B12: =B20 -> 81094.28 | C12: km/mês
A13: KM Mensal Percorrida | B13: =B10+B11 -> 517841.62 | C13: km/mês
A15: PERCURSO MÉDIO MENSAL (PMM) | B15: =(B13/FROTA!B34)/12 -> 4794.8299 | C15: km/veículo
A16: IPKe | B16: =B6/B13 -> 0 | C16: pass/km
A18: Rodagem Operacional | B18: Rodagem morta | C18: Percentual da Rodagem Morta em relação à operacional | D18: Rodagem Total
A20: =+'Projeção KM'!K19 -> 493182.5 | B20: =+'Projeção KM'!K20 -> 81094.28 | C20: =B20/A20 -> 0.16443057 | D20: =A20+B20 -> 574276.78
A23: PASSAGEIROS TRANSPORTADOS | G23: RODAGEM BRUTA (KM)
A24: ESCOLAR | B24: PAGANTE 100% | C24: INTEGRAÇÃO EQUIVALENTE | D24: EQUIVALENTE | E24: INTEGRAÇÃO TOTAL | F24: GRATUIDADES
G25: =D20 -> 574276.78
G26: BRUTO PAX | H26: =A25+B25+F25+E25 -> 0

Sheet COMPOSIÇÃO TARIFA
A1: CUSTOS VARIÁVEIS
A2: COMBUSTÍVEL
A4: Preço/Litro | B4: =INSUMOS!B3 -> 0
A5: Coeficiente de Consumo média 2024 | B5: 0.4
A6: R$/km/veículo | B6: =B4*B5 -> 0
A7: Consumo por km FROTA TOTAL | B7: =B6*FROTA!B32 -> 0 | N7: =(0.402277+0.39413141+0.41438+0.41983+0.4209175+0.42274085)/6 -> 0.41237946
A15: LUBRIFICANTES
A17: Preço/Litro combustível | B17: =INSUMOS!B3 -> 0
A18: Coef. Equiv. Por litro de óleo diesel | B18: 0.04
A19: CONSUMO POR KM | B19: =B17*B18 -> 0
M23: RECAPAGENS
A24: RODAGEM | B24: CUSTO | E24: QUANTIDADE | H24: CUSTO RODAGEM
A26: Custo Pneu | B26: =INSUMOS!B4 -> 0 | E26: 6 | H26: =B26*E26 -> 0
A27: Custo Recapagem | B27: =INSUMOS!B5 -> 0 | E27: 12 | H27: =B27*E27 -> 0
A31: CUSTO TOTAL DE RODAGEM | B31: =SUM(H26:H29) -> 0 | J31: QUILOMETRAGEM MÍNIMA ADMISSÍVEL P/PNEU NOVO | P31: 54942
C32: R$ | J32: QUILOMETRAGEM MÍNIMA ADMISSÍVEL C/2 RECAPAGEM | P32: 110549
A33: CUSTO RODAGEM POR KM | B33: =B31/P34 -> 0 | C33: R$/km
J34: VIDA ÚTIL MÍNIMA TOTAL | P34: =P31+P32 -> 165491
A39: PEÇAS E ACESSÓRIOS
A40: PREÇO VEICULO NOVO | B40: =FROTA!D12 -> 0
A42: COEFICIENTE CONSUMO MÉDIA | B42: 0.0033
A43: PMM MENSAL | B43: ='IPK-PMM'!B15 -> 4794.8299
A44: CUSTO POR KM | B44: =((B40*B42)/B43) -> 0
A46: CUSTO VARIÁVEL TOTAL POR KM | B46: =B6+B19+B33+B44 -> 0
A50: CUSTOS FIXOS
A51: CUSTOS DE CAPITAL
A52: A.1 - DEPRECIAÇÃO DA FROTA
A53: IDADE (ANOS) | B53: N° DE VEÍCULOS | C53: COEF. DE DEPRECIAÇÃO | D53: DEPRECIAÇÃO ANUAL | E53: DEPRECIAÇÃO ANUAL FROTA
A56: + 10 | B56: =FROTA!B31 -> 12 | C56: 0,0000 | D56: 0
A57: Custo mensal FROTA (DEPRECIAÇÃO ANUAL/12 MESES/FROTA DE 12 VEÍCULOS) | C57: =E55/(B55+B56) -> 0
A59: A.2 - DEPRECIAÇÃO DE MÁQUINAS, INSTALAÇÕES E EQUIPAMENTOS
A60: Preço veículo novo | B60: =FROTA!A17 -> 0
A61: Coeficiente de Depreciação | B61: =0.0001 -> 0.0001
A62: R$/Veic/Mês | B62: =B60*B61 -> 0
A63: DEPRECIAÇÃO TOTAL (A1+A2) | B63: =B62+C57 -> 0 | C63: R$/mês/veículo
A65: A3 - REMUNERAÇÃO DO CAPITAL IMOBILIZADO EM VEÍCULOS
A69: Frota total | B69: =FROTA!B32 -> 12 | C69: veículos
A70: Coeficiente de Remuneração MÉDIO | B70: 0.018
A71: Preço veículo novo menos rodagem | B71: =FROTA!E17 -> 0 | C71: R$
A72: Coeficiente Remuneração Frota | B72: =B70*FROTA!B32 -> 0.216
A73: Remuneração anual frota | B73: =B72*B71 -> 0
A74: Remuneração anual | B74: =B73/B69 -> 0
A75: Remuneração mensal | B75: =B74/12 -> 0
A76: REMUNERAÇÃO MENSAL | B76: =B75 -> 0 | C76: R$/mês/veículo
A79: A4 - REMUNERAÇÃO MÁQUINAS, EQUIPAMENTOS E INSTALAÇÕES
D81: Coeficiente: | E81: 0,04 x (0,12/12) x preço do veículo leve novo = 0,0004 x preço do veículo leve novo
A82: Preço veículo novo | B82: =FROTA!A17 -> 0 | C82: R$
A83: Coef. Máq., Equip. e Inst. | B83: 0.0004
A84: REMUNERAÇÃO MENSAL | B84: =B82*B83 -> 0 | C84: R$/mês/veículo
A87: A5 - REMUNERAÇÃO ALMOXARIFADO
A90: Preço veículo novo | B90: =FROTA!A17 -> 0 | C90: R$ | D90: Coeficiente: 0,03 x (0,12/12) x preço do veículo novo = 0,0003 x preço do veículo novo
A91: Coef. Almoxarifado | B91: 0.0003
A92: REMUNERAÇÃO MENSAL | B92: =B90*B91 -> 0 | C92: R$/mês/veículo
A95: REMUNERAÇÃO TOTAL CAPITAL (A1+A2+A3+A4+A5) | F95: =C57+B62+B76+B84+B92 -> 0
A99: DESPESAS COM PESSOAL DA OPERAÇÃO
A100: DESPESAS COM PESSOAL MOTORISTAS COBRADORES
C101: F.U. EQUIVALENTE MENSAL | D101: Pessoal de Operação | E101: NÚMERO MÉDIO COLABORADORES | F101: FROTA | G101: F.U. C/ PESSOAL OPERAÇÃO SEM HORA EXTRA | H101: FATOR HORA EXTRA | I101: FATOR UTILIZAÇÃO C/ PESSOAL OPERAÇÃO
A102: Salário | B102: =INSUMOS!B10 -> 0 | C102: =B104*B103 -> #DIV/0! | D102: MOTORISTA | E102: 17 | F102: =FROTA!B32 -> 12 | G102: =E102/F102 -> 1.4166667 | H102: =K108 -> #DIV/0! | I102: =E102/F102*H102 -> #DIV/0!
A103: Encargos Trabalhistas | B103: =1+INSUMOS!I26/100 -> 1 | D103: FISCAL | E103: 3 | F103: =FROTA!B32 -> 12 | G103: =E103/F103 -> 0.25 | H103: =K115 -> #DIV/0! | I103: =G103*H103 -> #DIV/0!
A104: Fator de Utilização | B104: =I102 -> #DIV/0!
A105: DESPESA MENSAL MOTORISTAS COBRADORES | B105: =B102*C102 -> #DIV/0! | C105: R$/mês/veículo operante
D106: MOTORISTAS
A107: DESPESAS COM PESSOAL - FISCAL | C107: F.U. EQUIVALENTE MENSAL | E107: PESSOAL DE OPERAÇÃO | F107: FROTA | G107: FOLHA MENSAL R$ | H107: HORAS EXTRAS (R$) | K107: FATOR HORA EXTRA
E108: 17 | F108: 12 | H108: 1000 | K108: =1+(H108/G108) -> #DIV/0!
A109: Salário | B109: =INSUMOS!B11 -> 0 | C109: =B110*B111 -> #DIV/0!
A110: Encargos Trabalhistas | B110: =1+INSUMOS!I26/100 -> 1
A111: Fator de Utilização | B111: =I103 -> #DIV/0!
A112: DESPESA MENSAL FISCAL | B112: =B109*B110*B111 -> #DIV/0! | C112: R$/mês/veículo operante
D113: FISCAIS
A114: Despesa mensal operação | B114: =B105+B112 -> #DIV/0! | C114: R$/mês/veículo operante | E114: PESSOAL DE OPERAÇÃO | F114: FROTA | G114: FOLHA MENSAL (R$) | H114: HORAS EXTRAS (R$) | K114: FATOR HORA EXTRA
E115: 3 | F115: 12 | H115: 94.2 | K115: =1+(H115/G115) -> #DIV/0!
A117: DESPESAS COM PESSOAL MANUTENÇÃO
A119: Despesa mensal operação | B119: =B114 -> #DIV/0!
A120: Coeficiente manutenção | B120: 0.123
A121: REMUNERAÇÃO MENSAL MANUTENÇÃO | B121: =B120*B119 -> #DIV/0! | C121: R$/mês/veículo operante
A123: DESPESAS COM PESSOAL ADMINISTRAÇÃO
A125: Despesa mensal operação | B125: =B114 -> #DIV/0!
A126: Coeficiente Administração | B126: 0.084
A127: REMUNERAÇÃO MENSAL ADMINISTRAÇÃO | B127: =B126*B125 -> #DIV/0! | C127: R$/mês/veículo operante
A129: BENEFÍCIOS | E129: CÁLCULO DOS BENEFÍCIOS (PARTE EMPRESA)
A130: Despesa mensal benefícios - total operacional | B130: =INSUMOS!B19 -> 0 | E130: Plano de saúde | F130: =INSUMOS!F6 -> 0
A131: Veículos - operacional | B131: =FROTA!B34 -> 9 | E131: Vale alimentação | F131: =INSUMOS!F7 -> 0
A132: REMUNERAÇÃO MENSAL BENEFÍCIOS | B132: =B130/B131 -> 0 | C132: R$/mês/veículo operante | E132: Cesta básica (rancho) | F132: =INSUMOS!F8 -> 0
E133: TOTAL MENSAL/BENEFICIÁRIO MÉDIA PONDERADA | F133: =SUM(F129:F132) -> 0
A135: TOTAL DESPESAS PESSOAL
A137: REMUNER. MENSAL | B137: =B114+B121+B127+B132 -> #DIV/0!
C138: R$/mês/veículo operante
A140: BILHETAGEM ELETRÔNICA
A141: Custo Bilhetagem mensal | B141: =INSUMOS!B14 -> 0
A142: Frota total | B142: =FROTA!B32 -> 12
A143: REMUNERAÇÃO MENSAL BILHETAGEM | B143: =B141/B142 -> 0 | C143: R$/veículo
A145: DESPESAS ADMINISTRATIVAS
A147: Preço veículo novo | B147: =FROTA!A17 -> 0
A148: Coeficiente Desp. Administrativas | B148: 0.0017
A149: REMUNERAÇÃO DESPESAS ADMINISTRATIVAS | B149: =B147*B148 -> 0 | C149: R$/veículo
A152: RESUMO DE CUSTOS
A154: CUSTO DE CAPITAL E ADMINISTRAÇÃO | B154: =(B149+F95+B143)*FROTA!B32*F168 -> 0 | C154: R$ EM 1 ANO
A155: CUSTO DE PESSOAL | B155: =B137*FROTA!B34*F168 -> #DIV/0! | C155: R$ EM 1 ANO
A156: CUSTO FIXO TOTAL | B156: =(B154+B155) -> #DIV/0! | C156: R$ EM1 ANO
A157: CUSTO FIXO TOTAL POR KM | B157: =B156/'IPK-PMM'!B13 -> #DIV/0! | C157: R$/km
...

Sheet Projeção KM
E1: 6.07 | F1: =+F37 -> 1750.52 | G1: 284.66 | I1: =+J37 -> 1144.89 | J1: 199.69
F2: 1730.52
A3: Mês | B3: Úteis | C3: Sábados/dias reduzidos | E3: Km Produtiva Útil | F3: Km Ociosa Útil | H3: Km Produtiva Sábado | I3: Km Ociosa Sábado | J3: Km Total | K3: Produtiva | L3: Produtiva Geipot
A4: Maio | B4: 11 | C4: 3 | E4: =+$F$2*B4 -> 19035.72 | F4: =+$G$1*B4 -> 3131.26 | H4: =+$I$1*C4 -> 3434.67 | I4: =+C4*$J$1 -> 599.07 | J4: =+E4+F4+H4+I4 -> 26200.72 | K4: =+E4+H4 -> 22470.39 | L4: =+K4*1.05 -> 23593.91
A5: Junho | B5: 21 | C5: 4 | E5: =$F$1*B5 -> 36760.92 | F5: =+$G$1*B5 -> 5977.86 | H5: =+$I$1*C5 -> 4579.56 | I5: =+C5*$J$1 -> 798.76 | J5: =+E5+F5+H5+I5 -> 48117.1 | K5: =+E5+H5 -> 41340.48 | L5: =+K5*1.05 -> 43407.504
A6: Julho | B6: 23 | C6: 4 | E6: =$F$1*B6 -> 40261.96 | F6: =+$G$1*B6 -> 6547.18 | H6: =+$I$1*C6 -> 4579.56 | I6: =+C6*$J$1 -> 798.76 | J6: =+E6+F6+H6+I6 -> 52187.46 | K6: =+E6+H6 -> 44841.52 | L6: =+K6*1.05 -> 47083.596
A7: Agosto | B7: 21 | C7: 5 | E7: =$F$1*B7 -> 36760.92 | F7: =+$G$1*B7 -> 5977.86 | H7: =+$I$1*C7 -> 5724.45 | I7: =+C7*$J$1 -> 998.45 | J7: =+E7+F7+H7+I7 -> 49461.68 | K7: =+E7+H7 -> 42485.37 | L7: =+K7*1.05 -> 44609.639
A8: Setembro | B8: 20 | C8: 4 | E8: =F1*B8 -> 35010.4 | F8: =+$G$1*B8 -> 5693.2 | H8: =+$I$1*C8 -> 4579.56 | I8: =+C8*$J$1 -> 798.76 | J8: =+E8+F8+H8+I8 -> 46081.92 | K8: =+E8+H8 -> 39589.96 | L8: =+K8*1.05 -> 41569.458
A9: Outubro | B9: 21 | C9: 5 | E9: =$F$1*B9 -> 36760.92 | F9: =+$G$1*B9 -> 5977.86 | H9: =+$I$1*C9 -> 5724.45 | I9: =+C9*$J$1 -> 998.45 | J9: =+E9+F9+H9+I9 -> 49461.68 | K9: =+E9+H9 -> 42485.37 | L9: =+K9*1.05 -> 44609.639
A10: Novembro | B10: 19 | C10: 4 | E10: =$F$1*B10 -> 33259.88 | F10: =+$G$1*B10 -> 5408.54 | H10: =+$I$1*C10 -> 4579.56 | I10: =+C10*$J$1 -> 798.76 | J10: =+E10+F10+H10+I10 -> 44046.74 | K10: =+E10+H10 -> 37839.44 | L10: =+K10*1.05 -> 39731.412
A11: Dezembro | B11: 20 | C11: 6 | E11: =+$F$2*B11 -> 34610.4 | F11: =+$G$1*B11 -> 5693.2 | H11: =+$I$1*C11 -> 6869.34 | I11: =+C11*$J$1 -> 1198.14 | J11: =+E11+F11+H11+I11 -> 48371.08 | K11: =+E11+H11 -> 41479.74 | L11: =+K11*1.05 -> 43553.727
A12: Janeiro | B12: 20 | C12: 5 | E12: =+$F$2*B12 -> 34610.4 | F12: =+$G$1*B12 -> 5693.2 | H12: =+$I$1*C12 -> 5724.45 | I12: =+C12*$J$1 -> 998.45 | J12: =+E12+F12+H12+I12 -> 47026.5 | K12: =+E12+H12 -> 40334.85 | L12: =+K12*1.05 -> 42351.592
A13: Fevereiro | B13: 18 | C13: 5 | E13: =B13*$F$1 -> 31509.36 | F13: =+$G$1*B13 -> 5123.88 | H13: =+$I$1*C13 -> 5724.45 | I13: =+C13*$J$1 -> 998.45 | J13: =+E13+F13+H13+I13 -> 43356.14 | K13: =+E13+H13 -> 37233.81 | L13: =+K13*1.05 -> 39095.501
A14: Março | B14: 22 | C14: 4 | E14: =B14*$F$1 -> 38511.44 | F14: =+$G$1*B14 -> 6262.52 | H14: =+$I$1*C14 -> 4579.56 | I14: =+C14*$J$1 -> 798.76 | J14: =+E14+F14+H14+I14 -> 50152.28 | K14: =+E14+H14 -> 43091 | L14: =+K14*1.05 -> 45245.55
A15: Abril | B15: 21 | C15: 4 | E15: =B15*$F$1 -> 36760.92 | F15: =+$G$1*B15 -> 5977.86 | H15: =+$I$1*C15 -> 4579.56 | I15: =+C15*$J$1 -> 798.76 | J15: =+E15+F15+H15+I15 -> 48117.1 | K15: =+E15+H15 -> 41340.48 | L15: =+K15*1.05 -> 43407.504
A16: Maio | B16: 10 | C16: 1 | E16: =B16*$F$1 -> 17505.2 | F16: =+$G$1*B16 -> 2846.6 | H16: =+$I$1*C16 -> 1144.89 | I16: =+C16*$J$1 -> 199.69 | J16: =+E16+F16+H16+I16 -> 21696.38 | K16: =+E16+H16 -> 18650.09 | L16: =+K16*1.05 -> 19582.594
C17: Totais | E17: =SUM(E4:E16) -> 431358.44 | F17: =SUM(F4:F16) -> 70311.02 | H17: =SUM(H4:H16) -> 61824.06 | I17: =SUM(I4:I16) -> 10783.26 | J17: =SUM(J4:J16) -> 574276.78 | K17: =SUM(K4:K16) -> 493182.5 | L17: =+K17*1.05 -> 517841.62
J18: Total | K18: =+J17 -> 574276.78
J19: Total Produtiva | K19: =SUM(K4:K16) -> 493182.5
J20: Total Ociosa | K20: =SUM(F4:F16,I4:I16) -> 81094.28
E21: 6.07 | F21: =+F57 -> 0 | G21: 284.66 | I21: =+J57 -> 0 | J21: 199.69
D25: Util | E25: metros | F25: total | H25: Sabado | I25: metros | J25: total
C26: C102 | D26: 9 | E26: 42200 | F26: =+E26*D26 -> 379800 | H26: 3 | I26: =+E26 -> 42200 | J26: =+I26*H26 -> 126600
C27: C104 | D27: 0 | E27: 4700 | F27: =+E27*D27 -> 0 | H27: 0 | I27: =+E27 -> 4700 | J27: =+I27*H27 -> 0
C28: C105 | D28: 8 | E28: 27400 | F28: =+E28*D28 -> 219200 | H28: 6 | I28: =+E28 -> 27400 | J28: =+I28*H28 -> 164400
C29: C105 | D29: 7 | E29: 28960 | F29: =+E29*D29 -> 202720 | H29: 4 | I29: =+E29 -> 28960 | J29: =+I29*H29 -> 115840
C30: C201 | D30: 9 | E30: 20000 | F30: =+E30*D30 -> 180000 | H30: 7 | I30: =+E30 -> 20000 | J30: =+I30*H30 -> 140000
C31: C201B | D31: 6 | E31: 26850 | F31: =+E31*D31 -> 161100 | H31: 5 | I31: =+E31 -> 26850 | J31: =+I31*H31 -> 134250
C32: C201BG | D32: 1 | E32: 22400 | F32: =+E32*D32 -> 22400 | H32: 0 | I32: =+E32 -> 22400 | J32: =+I32*H32 -> 0
C33: C202 | D33: 13 | E33: 23700 | F33: =+E33*D33 -> 308100 | H33: 10 | I33: =+E33 -> 23700 | J33: =+I33*H33 -> 237000
C34: L103 | D34: 11 | E34: 12600 | F34: =+E34*D34 -> 138600 | H34: 9 | I34: =+E34 -> 12600 | J34: =+I34*H34 -> 113400
C35: L103 | D35: 11 | E35: 12600 | F35: =+E35*D35 -> 138600 | H35: 9 | I35: =+E35 -> 12600 | J35: =+I35*H35 -> 113400
C36: Total Horários | D36: =SUM(D26:D35) -> 75 | F36: =SUM(F26:F35) -> 1750520 | H36: =SUM(H26:H35) -> 53 | J36: =SUM(J26:J35) -> 1144890
E37: Km dia util | F37: =+F36/1000 -> 1750.52 | I37: Km Sábado | J37: =+J36/1000 -> 1144.89
A53: Mês | B53: Úteis Total | C53: Sábados | D53: Úteis | E53: Útil Feriadão
A54: Maio
A55: Junho
A56: Julho | B56: =+D56+E56 -> 23 | C56: 4 | D56: 23 | E56: 0
A57: Agosto | B57: =+D57+E57 -> 21 | C57: 5 | D57: 21 | E57: 0
A58: Setembro | B58: =+D58+E58 -> 21 | C58: 3 | D58: 21 | E58: 0
A59: Outubro | B59: =+D59+E59 -> 23 | C59: 4 | D59: 23 | E59: 0
A60: Novembro | B60: =+D60+E60 -> 19 | C60: 4 | D60: 18 | E60: 1
A61: Dezembro | B61: =+D61+E61 -> 22 | C61: 4 | D61: 21 | E61: 1
A62: Janeiro | B62: =+D62+E62 -> 21 | C62: 5 | D62: 20 | E62: 1
A63: Fevereiro | B63: =+D63+E63 -> 18 | C63: 4 | D63: 18 | E63: 0
A64: Março | B64: =+D64+E64 -> 22 | C64: 4 | D64: 22 | E64: 0
A65: Abril | B65: =+D65+E65 -> 20 | C65: 4 | D65: 19 | E65: 1
A66: Maio | B66: =+D66+E66 -> 5 | C66: 2 | D66: 5 | E66: 0
A67: Total | B67: =SUM(B54:B66) -> 215 | C67: =SUM(C54:C66) -> 43

Sheet Planilha1
